[Event "FIDE Candidates Tournament 2022"]
[Site "Madrid"]
[Date "2022.06.26"]
[Round "8.1"]
[White "Rapport, Richard"]
[Black "Duda, Jan-Krzysztof"]
[Result "1-0"]
[ECO "C26"]
[WhiteElo "2776"]
[BlackElo "2750"]
[Annotator "TA"]
[PlyCount "57"]
[EventDate "2022.06.17"]
[EventType "tourn"]
[EventCountry "ESP"]
[SourceTitle "playchess.com"]
[Source "ChessBase"]
[SourceQuality "1"]
[TimeControl "40/7200:20/3600:900+30"]

1. e4 e5 2. Nf3 Nf6 3. Nc3 Nc6 4. g3 Bc5 5. Bg2 d6 6. d3 a5 {[%emt 0:03:15] C26: Vienna Game: 2...Nf6, sidelines .} 7. O-O h6 {[%emt 0:03:42] [#]} 8. b3 $146 ({Predecessor:} 8. h3 Be6 9. Nd2 a4 10. Nc4 Nd4 11. Kh2 b5 12. Ne3 c6 13. f4 a3 14. f5 axb2 15. Bxb2 {1-0 (57) Risteski,E (2363)-Lysyj,I (2603) Chess.com INT 2022}) 8... O-O {[%emt 0:00:58] The position is equal.} 9. h3 Nd4 10. Be3 c6 11. Kh2 Re8 12. a3 Nxf3+ 13. Qxf3 Bxe3 14. fxe3 b5 15. g4 Ra7 16. Qg3 h5 17. g5 h4 18. Qxh4 Nh7 19. Qg3 (19. a4 b4 20. Nd1 Nxg5 $17) 19... Nxg5 20. h4 Nh7 {[%emt 0:00:32] And now ...Re6 would win.} 21. Bh3 {[%emt 0:00:30] Prevents Re6.} Bxh3 22. Rg1 Ng5 23. hxg5 Bc8 24. Rg2 (24. Raf1 $5 ) 24... Rae7 (24... f6 $11) 25. Qf3 (25. Qh4 $16) 25... g6 {[%emt 0:25:57] [#]} (25... f6 $14) 26. Rh1 $1 $18 {[%emt 0:03:03] Intending Kg1 and mate.} f5 {[%emt 0:01:51] [#]} (26... f6 $16 {might work better.}) 27. Kg1 $1 {[%emt 0:02:58] exf5 is the strong threat.} ({Worse is} 27. gxf6 Rh7+ 28. Kg1 Rxh1+ 29. Kxh1 Kf7 $11) 27... b4 $2 (27... Rf8 28. Rh6 (28. Qh3 Rg7 $16) 28... Rg7) 28. exf5 ({Not} 28. Qh3 Rg7 29. axb4 axb4 $14) 28... gxf5 {[%emt 0:00:01] [#]} (28... bxc3 $2 29. fxg6 Qd7 30. Qh5 $18) (28... Bxf5 29. Ne4 bxa3 30. Nf6+ Kf7) 29. Ne4 $1 {[%emt 0:03:07][%mdl 512] Weighted Error Value: White=0.08 (flawless) /Black=0.32} 1-0

[Event "FIDE Candidates Tournament 2022"]
[Site "Madrid"]
[Date "2022.06.26"]
[Round "8.2"]
[White "Nepomniachtchi, Ian"]
[Black "Ding, Liren"]
[Result "1/2-1/2"]
[ECO "C47"]
[WhiteElo "2773"]
[BlackElo "2806"]
[Annotator "TA"]
[PlyCount "74"]
[EventDate "2022.06.17"]
[EventType "tourn"]
[EventCountry "ESP"]
[SourceTitle "playchess.com"]
[Source "ChessBase"]
[SourceQuality "1"]
[TimeControl "40/7200:20/3600:900+30"]

1. e4 e5 2. Nf3 Nc6 3. Nc3 Nf6 4. d4 exd4 5. Nxd4 Bb4 6. Nxc6 bxc6 7. Bd3 d5 8. exd5 O-O 9. O-O cxd5 10. Qf3 c6 11. Bg5 Bd6 {[%emt 0:04:40] 11...Bd6 is a critical line.} 12. Rae1 Rb8 13. Nd1 h6 {[%emt 0:03:50] C47: Scotch Four Knights and Four Knights with 4 g3.} 14. Bxf6 Qxf6 15. Qxf6 gxf6 16. b3 f5 17. Ne3 f4 18. Nf5 Bxf5 19. Bxf5 Kg7 20. g3 Kf6 21. Bd3 {[%emt 0:00:11] [#]} h5 $146 ({Predecessor:} 21... Rfe8 22. Kg2 Rxe1 23. Rxe1 Bb4 24. Rh1 Bd6 25. Kf3 fxg3 26. hxg3 Bf8 27. Rh4 Rb4 28. Rxb4 Bxb4 {½-½ (40) Predke,A (2683)-Lysyj,I (2605) Cheboksary 2021}) 22. Kg2 Rh8 23. Kf3 fxg3 {[%emt 0:00:23] The position is equal.} 24. hxg3 h4 25. Rh1 hxg3 26. fxg3 a5 27. a4 Bb4 28. Ref1 Rxh1 29. Rxh1 $11 {[%emt 0:00:18][%mdl 4096] Endgame KRB-KRB} Ke5 30. Rh4 Rg8 31. Rg4 Rxg4 32. Kxg4 {[%emt 0:00:04] KB-KB} f6 33. Kf3 f5 34. Ke2 Bc3 35. Kf3 Bb4 36. Ke2 Bc3 37. Kf3 Bb4 {[%emt 0:00:00] An interesting draw.  Weighted Error Value: White=0.03 (flawless) /Black=0.03 (flawless)} 1/2-1/2

[Event "FIDE Candidates Tournament 2022"]
[Site "Madrid"]
[Date "2022.06.26"]
[Round "8.3"]
[White "Nakamura, Hikaru"]
[Black "Caruana, Fabiano"]
[Result "1-0"]
[ECO "C82"]
[WhiteElo "2760"]
[BlackElo "2786"]
[Annotator "TA"]
[PlyCount "147"]
[EventDate "2022.06.17"]
[EventType "tourn"]
[EventCountry "ESP"]
[SourceTitle "playchess.com"]
[Source "ChessBase"]
[SourceQuality "1"]
[TimeControl "40/7200:20/3600:900+30"]

1. e4 e5 2. Nf3 Nc6 3. Bb5 a6 4. Ba4 Nf6 5. O-O Nxe4 6. d4 b5 7. Bb3 d5 8. dxe5 Be6 9. c3 Bc5 10. Nbd2 O-O 11. Bc2 {[%emt 0:00:06] C82: Open Ruy Lopez: 9 c3 without 9...Be7.} Nxf2 12. Rxf2 Bxf2+ 13. Kxf2 {[%emt 0:00:04] The position is equal.} f6 14. Nf1 $1 {[%emt 0:00:07][%mdl 4] is now more promising than 14.exf6.} fxe5 {[%emt 0:00:07] Strongly threatening ...e4.} 15. Kg1 Qd6 16. Be3 Bf5 17. Bb3 {[%emt 0:00:23][%mdl 1024] White has compensation.} Rad8 18. Qe1 Na5 19. Qf2 {[%emt 0:00:07] And now Bc5 would win.} Nb7 {[%emt 0:00:29] Prevents Bc5.} 20. Re1 {[%emt 0:00:09] [#]} c5 $146 ({Predecessor:} 20... Bg4 21. Qg3 Bxf3 22. gxf3 Na5 23. Bc2 Nc4 24. Bc1 Rde8 25. Ne3 Kh8 26. Kg2 Re6 {1-0 (69) Roy,R (2184)-Nurtawa,S (2027) ICCF email 2020}) 21. Ng3 (21. Bg5 $142 e4 22. Bxd8 Qxd8 23. Ne5) 21... Bd3 (21... Bg6 $5 22. Qd2 h6 $15) 22. Qd2 c4 23. Bd1 Rd7 24. Bf2 Rdf7 25. Nh1 (25. Rxe5 Rxf3 $1 26. Bxf3 Qxe5 $19) 25... e4 26. Nd4 Qg6 27. h4 Nc5 (27... h5 $11) 28. h5 $14 Qd6 29. Bg4 $1 {[%emt 0:01:27] Inhibits Ne6.} h6 30. Qe3 $1 Qf4 31. Qxf4 {[%emt 0:05:49] Really sharp!} Rxf4 32. Ne6 Nxe6 33. Bxe6+ Kh7 34. Bxd5 R8f5 35. Bc6 Rxh5 36. Bd4 Rhf5 {[%emt 0:03:57] ...Rf1+ is the strong threat.} 37. Nf2 Rf7 38. b4 h5 (38... cxb3 $16 39. axb3 Rc7 40. Bxe4+ (40. Nxd3 exd3 41. Bd5 b4 $14) 40... Bxe4) 39. a4 $18 (39. Nxe4 Rf1+ 40. Rxf1 Rxf1+ 41. Kh2 Ra1 $16) (39. Bxe4+ Bxe4 40. Nxe4 (40. Rxe4 Rxe4 41. Nxe4 Kg6 $11) 40... Rg4) 39... bxa4 40. Bxa4 h4 (40... R4f5 $142 41. g4 Rf3) 41. Be3 {[%emt 0:03:15] This bishop pair is nice.} R4f5 42. Ra1 $1 h3 43. Ra2 (43. Nxh3 $6 Rf1+ 44. Rxf1 Rxf1+ 45. Kh2 Re1 46. Ng5+ Kg6 47. Be8+ Kf6 $14) (43. gxh3 Rf3 44. Re1 Rg3+ 45. Kh2 Rxe3 $1 46. Rxe3 Rxf2+ 47. Kg3 Rf6 $15) 43... hxg2 44. Bd1 {[%emt 0:00:04] Prevents Rf3.} R7f6 45. Bg4 $1 (45. Kxg2 $6 Rg6+ 46. Kh2 Bf1 $16) 45... Rd5 46. Kxg2 Rg6 47. Kg3 $1 Bf1 48. Bd4 $1 (48. Nxe4 $6 Re5 49. Ng5+ Rexg5 50. Bxg5 Rxg5 $16) 48... Bd3 (48... Rf5 $142 49. Nxe4 Bd3) 49. Kf4 Kg8 50. Bf5 Rh6 (50... Rc6 {was worth a try.} 51. Nxd3 (51. Bxe4 Bxe4 52. Nxe4 Rh5 $18) (51. Nxe4 g5+ 52. Kg4 Rh6 $16) 51... exd3) 51. Ng4 Rhd6 52. Ne3 Rb5 53. Bc5 Rf6 54. Ke5 Kf7 55. Nd5 Rxf5+ 56. Kxf5 e3+ 57. Ke5 e2 58. Bf2 Rb8 59. Be1 Re8+ 60. Kf4 (60. Kd4 $18 {is the precise move to win.}) 60... g5+ $16 61. Kg3 Re6 {[%emt 0:05:24] [#]} (61... Re5 $16) 62. Kf2 (62. Ra1 $1 $18) 62... Rh6 63. Ke3 Re6+ 64. Kf2 {[%emt 0:01:06] Threatens to win with Ra5.} Rh6 $1 65. Ne3 {[%emt 0:01:59] Hoping for Ng4.} Rf6+ {[%emt 0:02:08] This move loses the game for Black.} (65... Rh1 $16 {was called for.} 66. Ng2 g4) 66. Kg3 $18 Rf1 {[%emt 0:00:05] [#]} 67. Ng2 $1 Rf6 68. Bf2 Kg6 69. Ra5 Re6 70. Ne1 Bf5 71. Nf3 Rd6 72. Nd4 ({Resist} 72. Ne5+ Kf6 73. Be1 (73. Nxc4 Rd3+ 74. Kh2 Bc8 $16) 73... Be6 $18) 72... Bd3 73. Re5 Kf6 74. Nf3 {[%emt 0:00:52] Weighted Error Value: White=0.09 (flawless) /Black=0.17 (very precise)} 1-0

[Event "FIDE Candidates Tournament 2022"]
[Site "Madrid"]
[Date "2022.06.26"]
[Round "8.4"]
[White "Firouzja, Alireza"]
[Black "Radjabov, Teimour"]
[Result "1/2-1/2"]
[ECO "C54"]
[WhiteElo "2804"]
[BlackElo "2753"]
[Annotator "TA"]
[PlyCount "185"]
[EventDate "2022.06.17"]
[EventType "tourn"]
[EventCountry "ESP"]
[SourceTitle "playchess.com"]
[Source "ChessBase"]
[SourceQuality "1"]
[TimeControl "40/7200:20/3600:900+30"]

1. e4 e5 2. Nf3 Nc6 3. Bc4 Bc5 4. d3 Nf6 5. h3 h6 6. c3 d6 7. Nbd2 a6 8. b4 Ba7 9. a4 Be6 10. Bxe6 fxe6 11. O-O O-O 12. Re1 Qe8 13. Nf1 Nh5 14. Ra2 Nf4 15. Kh2 Qf7 16. Be3 Bxe3 17. Nxe3 Kh8 18. Ng4 Ne7 19. Ng1 Neg6 20. g3 Nh5 $1 21. Kg2 Nf6 22. Nf3 Qd7 23. Nfh2 Qc6 24. Qb3 Rae8 25. h4 Nh5 26. Re3 {[%emt 0:02:26] [#]} (26. Rb1 $14) 26... b5 (26... Nhf4+ $1 $11 27. gxf4 Nxf4+ 28. Kh1 h5) 27. Nf3 $14 Qd7 28. Qd1 Nf6 29. Nfh2 Qc6 30. Ra3 Kh7 31. Kg1 Rf7 32. axb5 axb5 33. d4 Ref8 ({Not} 33... Nxe4 34. Qd3 h5 35. Rxe4 $16) 34. Ra2 Qc4 ({Much less strong is} 34... Nxe4 35. Qd3 Qxc3 36. Qxe4 Qxd4 37. Qb1 $16) 35. Rb2 Ra8 36. Rf3 Raf8 37. Re3 Ra8 38. Nxf6+ gxf6 39. Nf3 Ne7 40. Nd2 Qc6 41. dxe5 fxe5 42. Rf3 Rg7 43. Kh2 (43. Qb3 $5 ) 43... Qe8 44. Qb3 Qg6 45. Ra2 Rxa2 46. Qxa2 Qg4 47. Re3 Rf7 48. f3 Qg6 49. Nf1 Qf6 50. Qf2 Rf8 51. Nd2 Ra8 52. Nb3 Ng6 53. Na5 (53. Kh3 {feels hotter.} Ra3 54. Na5 Ra4 55. Re2) 53... Rg8 54. Re1 Qf7 55. Nb3 Qd7 56. Ra1 Rg7 57. Nd2 Ne7 58. Qe3 Ng8 59. Nf1 Nf6 60. Qe2 Nh5 61. Qf2 Qc6 62. Qe3 Qc4 63. Nd2 Qc6 64. Rg1 Qa8 65. Nf1 Qd8 66. Qf2 Qe8 67. Ne3 Nf6 68. Qe2 Qh5 69. Kh3 Kh8 (69... Nxe4 $11 {should be considered.} 70. g4 (70. Ng4 $2 Nxc3 71. Qc2+ Qf5 $17) 70... Ng5+ 71. Kg3 Nf7) 70. Ng4 $14 Qg6 71. Nxf6 Qxf6 72. Ra1 Qg6 73. g4 Qf7 74. Qe3 Kh7 75. Ra5 Qd7 76. Qd3 (76. Ra8 {with more complications.} Rf7 77. h5 Qc6 78. Rb8) 76... c6 (76... Qf7 $14) 77. Ra1 Qf7 78. Qe3 Qf6 {[%emt 0:01:07] [#]} 79. Kg3 ({Better is} 79. h5 $1 $16) 79... Rc7 80. Rd1 Rd7 81. Rd2 d5 82. Re2 Rf7 83. Kg2 Kg8 (83... d4 {is interesting.} 84. cxd4 exd4 85. e5 Qxh4 86. Qxd4 h5) 84. h5 Kh7 85. Qd3 (85. Ra2 $16) 85... Kg7 $11 86. Re3 Qf4 87. Re2 Kf6 88. Qd1 Kg5 89. Re1 $1 Kh4 90. Rh1+ Kg5 91. Re1 Kh4 92. Rh1+ Kg5 93. Re1 1/2-1/2